 Dungeon Crawl Stone Soup version 0.19.1 (webtiles) character file.

4836 empire the Covered (level 10, -1/60 HPs)
             Began as a High Elf Skald on Dec 21, 2016.
             Was a Priest of Sif Muna.
             Slain by a centaur zombie (3 damage)
             ... on level 9 of the Dungeon.
             The game lasted 00:28:58 (9397 turns).

empire the Covered (High Elf Skald)                 Turns: 9397, Time: 00:29:00

Health: -1/60      AC: 10    Str: 13    XL:     10   Next: 25%
Magic:  11/15      EV: 15    Int: 17    God:    Sif Muna [***...]
Gold:   421        SH:  0    Dex: 19    Spells: 5 memorised, 6 levels left

rFire  . . .     SeeInvis .     b - +2 long sword (drain)
rCold  . . .     Gourm    +     X - +1 ring mail
rNeg   . . .     Faith    .     (no shield)
rPois  .         Spirit   .     (no helmet)
rElec  .         Reflect  .     (no cloak)
rCorr  .         Harm     .     Z - +2 pair of gloves {Dex+3}
MR     +....     Rnd*Tele +     (no boots)
Stlth  +++.......               o - amulet of the gourmand (curse)
                                E - ring of stealth
                                t - ring of stealth

@: singing
A: blurry vision 2, low mp 1, mutation resistance 1, teleportitis 1
a: Divine Energy, Channel Magic, Renounce Religion, Stop Singing


You were on level 9 of the Dungeon.
You worshipped Sif Muna.
Sif Muna was most pleased with you.
You were full.

You visited 2 branches of the dungeon, and saw 10 of its levels.

You collected 421 gold pieces.

Inventory:

Hand Weapons
 a - a +1 falchion
 b - a +2 long sword of draining (weapon)
 g - a +1 whip of freezing
 h - a cursed -2 whip
 p - a +3 shortbow
 r - a +0 giant club
 u - the +4 Vampire's Tooth {vamp}
   (You found it on level 4 of the Dungeon)

   It inflicts no extra harm, but heals its wielder when it wounds a living foe.
 v - a +2 mace of draining
 B - a +1 whip of electrocution
 C - a +3 scimitar
 I - a cursed +3 halberd
 L - a +1 falchion of venom
Missiles
 q - 4 needles of confusion
 s - 74 arrows
Armour
 y - a +1 robe of magic resistance
 D - a +0 plate armour
 G - a cursed +0 ring mail
 X - a +1 ring mail (worn)
 Z - a +2 pair of gloves of dexterity (worn)
Jewellery
 l - an uncursed ring of ice
 o - a cursed amulet of the gourmand (around neck)
 t - a ring of stealth (left hand)
 E - a ring of stealth (right hand)
Wands
 K - a wand of paralysis (12/24)
Scrolls
 n - 2 scrolls of recharging
 w - a scroll of enchant weapon
 z - 3 scrolls of remove curse
 H - a scroll of noise
 J - a scroll of enchant armour
Potions
 e - a potion of flight
 F - a potion of beneficial mutation
Books
 c - a book of Battle

   Spells                             Type                      Level
   a - Infusion                       Charms                       1
   b - Shroud of Golubria             Charms/Translocation         2
   c - Song of Slaying                Charms                       2
   d - Spectral Weapon                Hexes/Charms                 3
   e - Regeneration                   Charms/Necromancy            3
Comestibles
 d - 4 bread rations
 f - 4 meat rations
 i - 9 slices of pizza
 k - 2 beef jerkies
 m - 6 fruits
 A - 4 chunks of flesh


   Skills:
 - Level 2.0 Fighting
 + Level 6.0 Long Blades
 - Level 6.6 Armour
 - Level 6.4 Dodging
 - Level 4.0 Spellcasting
 - Level 5.0 Hexes
 - Level 6.1 Charms
 - Level 5.2 Necromancy
 - Level 5.2 Translocations


You had 6 spell levels left.
You knew the following spells:

 Your Spells              Type           Power        Failure   Level  Hunger
a - Infusion              Chrm           ###.         2%          1    None
b - Shroud of Golubria    Chrm/Tloc      ###.......   6%          2    ##.....
c - Regeneration          Chrm/Necr      ###.......   12%         3    ###....
d - Spectral Weapon       Hex/Chrm       ###.....     12%         3    ###....
e - Song of Slaying       Chrm           ###.....     4%          2    ##.....


Dungeon Overview and Level Annotations

Branches:
Dungeon (9/15)             Temple (1/1) D:5             Orc (0/2) D:9
   Lair: D:8-11

Altars:
Ashenzari
Cheibriados
Dithmenos
Elyvilon
Fedhas
Gozag
Hepliaklqana
Kikubaaqudgha
Makhleb
Nemelex Xobeh
Okawaru
Qazlal
Ru
Sif Muna
Trog
Uskayaw
Vehumet
Xom
Yredelemnul
Zin
The Shining One

Shops:
D:6 }   D:9 [


Innate Abilities, Weirdness & Mutations

Scrolls take you longer to read.
Your magical capacity is low. (-10% MP)
You are somewhat resistant to further mutation.
You are occasionally teleported next to monsters.


Message History

The centaur zombie misses you.
You hit the centaur zombie.
The centaur zombie is heavily damaged.
The centaur zombie barely misses you. The centaur zombie hits you.
* * * LOW HITPOINT WARNING * * *
Your shroud falls apart!
You hit the centaur zombie.
The centaur zombie is heavily damaged.
The centaur zombie hits you.
* * * LOW HITPOINT WARNING * * *
Casting: Shroud of Golubria
Confirm with . or Enter, or press ? or * to list all spells.
Space distorts slightly along a thin shroud covering your body.
The centaur zombie hits you but does no damage.
The centaur zombie closely misses you.
You riposte.
You hit the centaur zombie.
The centaur zombie is severely damaged.
You hit the centaur zombie.
The centaur zombie is severely damaged.
The centaur zombie hits you.
You die...

## #. +#
##.####
..#.....#
........#
...##.#..#
......†@.#
..(....Z.......
..#####.#####..
... ...# ....
...## ###


You could see a centaur zombie.

Vanquished Creatures
  Pikel (D:6)
  A troll (D:8)
  A hippogriff (D:8)
  A spriggan (D:8)
  2 hungry ghosts (D:8)
  3 sky beasts
  A black bear (D:6)
  An orc warrior (D:7)
  3 ice beasts
  A necrophage (D:6)
  2 ogres
  2 phantoms
  3 wolves (D:8)
  2 centaurs
  A big kobold (D:9)
  2 bullfrogs
  2 scorpions
  7 killer bees
  2 vampire bats (D:4)
  3 wights (D:7)
  2 centaur zombies (D:5)
  2 crimson imps
  A howler monkey (D:4)
  A bullfrog zombie (D:5)
  A centaur skeleton (D:4)
  A jelly (D:7)
  A gnoll shaman (D:7)
  An orc priest (D:6)
  7 hounds
  3 iguanas
  5 orc wizards
  4 worker ants
  A killer bee zombie (D:6)
  2 hound skeletons
  A howler monkey zombie (D:5)
  A worker ant zombie (D:5)
  10 adders
  4 gnolls (D:7)
  2 shadow imps
  An ooze (D:7)
  4 worms
  2 dart slugs
  A leopard gecko (D:3)
  25 orcs
  2 giant cockroaches
  6 goblins
  4 hobgoblins
  11 jackals
  10 kobolds
  5 quokkas
  A ball python (D:1)
  13 bats
  2 frilled lizards
  8 rats
186 creatures vanquished.

Vanquished Creatures (others)
  A wizard (D:6)
  A hound (D:6)
  A shadow imp (D:6)
  A worm (D:6)
4 creatures vanquished.

Grand Total: 190 creatures vanquished

Notes
Turn   | Place    | Note
-------+----------+-------------------------------------------
     0 | D:1      | empire the High Elf Skald began the quest for the Orb.
     0 | D:1      | Reached XP level 1. HP: 14/14 MP: 4/4
   491 | D:1      | Reached XP level 2. HP: 19/19 MP: 6/6
  1077 | D:2      | Learned a level 2 spell: Shroud of Golubria
  1254 | D:2      | Reached XP level 3. HP: 19/24 MP: 8/8
  2258 | D:3      | Reached XP level 4. HP: 28/29 MP: 10/10
  3188 | D:4      | Reached XP level 5. HP: 21/34 MP: 1/12
  3193 | D:4      | Reached skill level 5 in Charms
  3451 | D:4      | Found a burning altar of Makhleb.
  3581 | D:4      | Reached skill level 1 in Translocations
  3581 | D:4      | Reached XP level 6. HP: 27/39 MP: 13/13
  4031 | D:4      | Found a glowing golden altar of the Shining One.
  4031 | D:4      | Found a white marble altar of Elyvilon.
  4032 | D:4      | Found a glowing silver altar of Zin.
  4220 | D:4      | Reached XP level 7. HP: 34/45 MP: 6/14
  4460 | D:5      | Entered Level 5 of the Dungeon
  4476 | D:5      | Reached skill level 5 in Dodging
  4881 | D:5      | Reached skill level 1 in Armour
  4969 | D:5      | Reached XP level 8. HP: 25/50 MP: 5/15
  5168 | D:5      | Learned a level 3 spell: Regeneration
  5172 | D:5      | Learned a level 3 spell: Spectral Weapon
  5175 | D:5      | Learned a level 2 spell: Song of Slaying
  5296 | D:5      | Gained mutation: Scrolls take you a little longer to read. [mutagenic meat]
  5297 | D:5      | Gained mutation: You are occasionally teleported next to monsters. [mutagenic meat]
  5299 | D:5      | Gained mutation: Scrolls take you longer to read. [mutagenic meat]
  5301 | D:5      | Gained mutation: Your magical capacity is low. (-10% MP) [mutagenic meat]
  5366 | D:5      | Found a staircase to the Ecumenical Temple.
  5374 | Temple   | Entered the Ecumenical Temple
  5599 | Temple   | Became a worshipper of Sif Muna the Loreminder
  6096 | D:6      | Noticed Pikel
  6123 | D:6      | Killed Pikel
  6186 | D:6      | Reached skill level 1 in Hexes
  6210 | D:6      | Reached XP level 9. HP: 26/54 MP: 1/14
  6456 | D:6      | Found a bloodstained altar of Trog.
  6457 | D:6      | Noticed a wizard
  6462 | D:6      | Killed a wizard
  6774 | D:6      | Found Seshenk's Gadget Boutique.
  7037 | D:7      | Reached * piety under Sif Muna
  7239 | D:7      | Reached skill level 5 in Hexes
  7289 | D:7      | Found a sparkling altar of Nemelex Xobeh.
  7465 | D:7      | Reached skill level 1 in Necromancy
  7863 | D:7      | Found a snail-covered altar of Cheibriados.
  8310 | D:7      | Found a sacrificial altar of Ru.
  8431 | D:8      | Noticed a troll
  8454 | D:8      | Reached ** piety under Sif Muna
  8572 | D:8      | Killed a troll
  8572 | D:8      | Reached skill level 5 in Necromancy
  8790 | D:8      | Found a hide-covered altar of Uskayaw.
  8796 | D:8      | Reached XP level 10. HP: 51/60 MP: 15/15
  8994 | D:8      | Reached skill level 5 in Translocations
  9009 | D:8      | Reached skill level 5 in Long Blades
  9310 | D:9      | Found Itojees's Antique Armour Shop.
  9334 | D:9      | Reached *** piety under Sif Muna
  9368 | D:9      | Found a staircase to the Orcish Mines.
  9378 | D:9      | Gained mutation: You are somewhat resistant to further mutation. [potion of mutation]
  9395 | D:9      | HP: 2/60 [centaur zombie (3)]
  9397 | D:9      | Slain by a centaur zombie

Skill      XL: |  1  2  3  4  5  6  7  8  9 10 |
---------------+-------------------------------+-----
Long Blades    | 3 4 6 |  6.0
Spellcasting   | 3 4 |  4.0
Charms         | 4 6 |  6.1
Translocations | 1 2 4 5 |  5.2
Dodging        | 3 6 |  6.4
Armour         | 2 6 |  6.6
Hexes          | 2 5 |  5.0
Necromancy     | 5 |  5.2
Fighting       | |  2.0

Action                   |  1- 3 |  4- 6 |  7- 9 | 10-12 || total
-------------------------+-------+-------+-------+-------++-------
Melee: Falchion          |   120 |   176 |   257 |       ||   553
       Long sword        |       |       |   179 |    89 ||   268
 Cast: Infusion          |     4 |     9 |    23 |     3 ||    39
       Shroud of Golubri |       |    13 |    29 |     5 ||    47
       Song of Slaying   |       |       |     6 |     1 ||     7
 Abil: Stop Singing      |       |       |     2 |       ||     2
  Use: Scroll            |     8 |     1 |    19 |     1 ||    29
       Potion            |       |     2 |    10 |     1 ||    13
 Stab: Sleeping          |       |       |     4 |       ||     4
  Eat: Chunk             |     4 |     7 |    32 |    14 ||    57
Armor: Leather armour    |    19 |       |       |       ||    19
       Ring mail         |    32 |   105 |   195 |    40 ||   372
       Skin              |       |    59 |    18 |       ||    77
Dodge: Dodged            |    75 |   150 |   466 |    82 ||   773
       Rpst.: Falchion   |    18 |    51 |    72 |       ||   141
       Long sword        |       |       |    75 |    19 ||    94
